 Dungeon Crawl Stone Soup version 0.31.0-32-g396128a36d (webtiles) character file.

Game seed: 365763849406284581

4 Alphaeus the Ruffian (level 1, -1/13 HPs)
             Began as an Octopode Shapeshifter on Mar 19, 2024.
             Slain by a hobgoblin (5 damage)
             ... on level 1 of the Dungeon.
             The game lasted 00:00:10 (60 turns).

Alphaeus the Ruffian (Octopode Shapeshifter)          Turns: 60, Time: 00:00:10

Health: -1/13      AC:  1    Str: 13    XL:     1   Next: 70%
Magic:  1/1        EV: 13    Int: 12    God:
Gold:   0          SH:  0    Dex: 11    Spells: 0/0 levels left

rFire   . .          .
                       - Unarmed
rCold   . . .        (no shield)
rNeg    . . .        (helmet currently unavailable)
rPois   .            (no amulet)
rElec   .            (no ring)
rCorr   .            (no ring)
SInv    .            (no ring)
Will    .....        (no ring)
Stlth   ++           (no ring)
HPRegen 0.22/turn    (no ring)
MPRegen 0.07/turn    (no ring)
                     (no ring)

%: no passive effects
@: beast-form
A: beast (slay +1), almost no armour, amphibious, 8 rings, camouflage 1,
gelatinous body 1, (nimble swimmer 1), tentacles
a: Begin Untransformation


You were on level 1 of the Dungeon.
You were a hulking beast.
You visited 1 branch of the dungeon, and saw 1 of its levels.

Inventory:

Talismans
 b - a beast talisman
 c - a flux talisman
Potions
 a - 2 potions of lignification
 d - a potion of attraction {unknown}


   Skills:
 + Level 1.1 Fighting
 + Level 2.0 Dodging
 * Level 3.1 Unarmed Combat
 * Level 3.1 Shapeshifting


You couldn't memorise any spells.
You didn't know any spells.
Your spell library was empty.

Dungeon Overview and Level Annotations

Branches:
Dungeon (1/15)

Altars:


Innate Abilities, Weirdness & Mutations

You are a hulking beast.
Your limbs bulge with bestial killing power. (Slay +1)
You cannot wear most types of armour.
You are amphibious.
You can wear up to eight rings at the same time.
Your skin changes colour to match your surroundings (Stealth+).
Your rubbery body absorbs attacks. (AC +1, EV +1)
((You are camouflaged when in or above water. (Stealth+)))
You have tentacles for arms and can constrict up to eight enemies at once.


Message History

The jackal barks!
The hobgoblin shouts!
The hobgoblin hits you but does no damage.
The jackal moves out of view.
You hear a bark!
You barely miss the hobgoblin. Your grab misses the hobgoblin.
The hobgoblin hits you.
You tentacle-slap the jackal. You grab the jackal.
The jackal is lightly wounded.
You constrict the jackal. The jackal bites you.
The hobgoblin barely misses you.
You tentacle-slap the jackal but do no damage.
The jackal is moderately wounded.
You constrict the jackal, but do no damage.
You lose your grip on the jackal.
A jackal comes into view.
The hobgoblin barely misses you.
The jackal barks!
You tentacle-slap the jackal. You grab the jackal.
The jackal is moderately wounded.
You constrict the jackal, but do no damage.
The hobgoblin misses you. The jackal misses you.
You closely miss the jackal. Your grab misses the jackal.
You squeeze the jackal.
The jackal is almost dead.
You constrict the jackal. The jackal completely misses you.
The jackal bites you. The hobgoblin hits you.
You are too injured to fight recklessly!
You are too injured to fight recklessly!
You are too injured to fight recklessly!
You are too injured to fight recklessly!
There are monsters nearby!
There are monsters nearby!
You are too injured to fight recklessly!
You tentacle-slap the jackal.
The jackal is almost dead.
You constrict the jackal.
You kill the jackal!
The jackal bites you but does no damage.
The hobgoblin hits you.
You die...

........# .# .##
........# ..# ..#
........# ..# ###.###
........# ...# #.....#
........####...# #.....#
........##...# ##§.....
....!.h....######.......
......hh......[.##≈≈≈#'.
......g.##......#.....#.
###...####.?....≈..<..§.
#... #...)..≈..⌠..≈. #..
#......#.....#§ #..
###≈≈≈###§≈≈### #.
.#.....#......# #.
#.≈..⌠..≈......#
#.≈.....≈......#


You could see 2 jackals and a hobgoblin.

Vanquished Creatures
  A bat (D:1)
  A hobgoblin (D:1)
  A jackal (D:1)
  2 frilled lizards (D:1)
  A kobold (D:1)
6 creatures vanquished.

Notes
Turn   | Place    | Note
-------+----------+-------------------------------------------
     0 | D:1      | Alphaeus the Octopode Shapeshifter began the quest for the
                  | Orb.
     0 | D:1      | Reached XP level 1. HP: 13/13 MP: 1/1
    60 | D:1      | Slain by a hobgoblin

Illustrated notes

Levels and vault maps discovered:
D:1:      dpeg_arrival_rooms_with_view, layout_basic, serial_shops,
          nicolae_shop_just_a_little_nook, nicolae_shop_tiny_statue_garden,
          nicolae_shop_waterfront, shop

Action                     || total
---------------------------++-------
  Melee: Unarmed           ||    14
         Constrict         ||     6
         Tentacles         ||     2
         Punch             ||     1
   Stab: Sleeping          ||     2
 Armour: Skin              ||     9
  Dodge: Dodged            ||     7
